 Dungeon Crawl Stone Soup version 0.26.0-10-g1f06aea511 (webtiles) character file.

Game seed: 18104708509985930561

1199 MisterFreud the Slasher (level 8, -1/61 HPs)
             Began as a Demonspawn Venom Mage on Jan 16, 2021.
             Was an Initiate of Ru.
             Slain by a hornet (14 damage)
             ... on level 7 of the Dungeon.
             The game lasted 00:11:24 (7187 turns).

MisterFreud the Slasher (Demonspawn Venom Mage)     Turns: 7187, Time: 00:11:24

Health: -1/61      AC:  9    Str:  9    XL:     8   Next: 20%
Magic:  11/11      EV:  8    Int: 19    God:    Ru [......]
Gold:   390        SH:  0    Dex: 13    Spells: 10/11 levels left

rFire    + . .     SeeInvis .   r - +3 long sword (vorpal)
rCold    + . .     Faith    .   (no shield)
rNeg     . . .     Spirit   .   D - +0 scale mail of Tortured Intercession {*Corrode +Blink rPois}
rPois    +         Reflect  .   (helmet restricted)
rElec    .         Harm     .   (no cloak)
rCorr    .         Rampage  .   (no gloves)
Will     .....                  p - +1 pair of boots
Stlth    ..........             E - amulet of regeneration
HPRegen  0.60/turn              B - ring of protection from fire
MPRegen  0.12/turn              y - ring of protection from cold

@: lethally poisoned (-1 -> -1), slowed, very slow
A: horns 1, rugged brown scales 1, demonic guardian 1, spiny 1
a: Renounce Religion, Evoke Blink


You were on level 7 of the Dungeon.
You worshipped Ru.
Ru was noncommittal.
You visited 2 branches of the dungeon, and saw 8 of its levels.

You collected 390 gold pieces.

Inventory:

Hand Weapons
 b - a +0 dagger
 d - a +3 dagger
 r - a +3 vorpal long sword (weapon)
Missiles
 o - 25 poisoned darts
 q - 2 datura-tipped darts
 v - 2 atropa-tipped darts
 C - 4 javelins
Armour
 a - a +0 robe
 p - a +1 pair of boots (worn)
 D - the +0 scale mail of Tortured Intercession (worn) {*Corrode +Blink rPois}
   (You found it on level 6 of the Dungeon)

   It protects you from poison.
   It lets you blink.
   It may corrode you when you take damage.
Jewellery
 f - an uncursed ring of resist corrosion
 y - a ring of protection from cold (right hand)
 B - a ring of protection from fire (left hand)
 E - an amulet of regeneration (around neck)
Wands
 g - a wand of flame (27)
 F - a wand of digging (6)
Scrolls
 e - 8 scrolls of teleportation
 i - a scroll of magic mapping
 l - 6 scrolls of identify
 m - a scroll of remove curse
 s - a scroll of immolation {unknown}
 w - a scroll of noise {unknown}
 x - 2 scrolls of fear {unknown}
 z - 2 scrolls of fog {unknown}
 A - a scroll of random uselessness {unknown}
Potions
 c - 2 potions of attraction
 h - a potion of haste
 j - 2 potions of heal wounds {unknown}
 k - 2 potions of berserk rage {unknown}
 n - a potion of ambrosia {unknown}
 t - 2 potions of brilliance {unknown}
 u - a potion of flight {unknown}


   Skills:
 - Level 4.0 Fighting
 + Level 7.1 Long Blades
 - Level 1.7 Dodging
 - Level 1.7 Stealth
 - Level 2.0 Spellcasting
 - Level 0.8 Transmutations
 - Level 5.0 Poison Magic


You had 10 spell levels left.
You knew the following spells:

 Your Spells              Type           Power        Failure   Level
a - Sting                 Tmut/Pois      52%          41%         1

Your spell library contained the following spells:

 Spells                   Type           Power        Failure   Level
 Poisonous Vapours        Pois/Air       22%          61%         2
 Olgreb's Toxic Radiance  Pois           20%          88%         4
 Ignite Poison            Fire/Tmut/Pois 9%           89%         3
 Mephitic Cloud           Conj/Pois/Air  8%           92%         3


Dungeon Overview and Level Annotations

Branches:
Dungeon (7/15)             Temple (1/1) D:6

Altars:
Ashenzari
Elyvilon
Gozag
Hepliaklqana
Kikubaaqudgha
Makhleb
Nemelex Xobeh
Qazlal
Ru
Trog
Uskayaw
Vehumet
Wu Jian
Xom
Yredelemnul
Zin
The Shining One


Innate Abilities, Weirdness & Mutations

You have a pair of small horns on your head.
You are partially covered in rugged brown scales. (AC +1, +3% HP)
A weak demonic guardian rushes to your aid.
You are partially covered in sharp spines.


Message History

Unknown command.
Unknown command.
Unknown command.
Unknown command.
Unknown command.
Your quasit bites the hornet but does no damage.
Your quasit claws the hornet but does no damage. x2
Your quasit barely misses the hornet.
Your quasit claws the hornet.
Your quasit barely misses the hornet.
The hornet stings you.
* * * LOW HITPOINT WARNING * * *
You are poisoned.
Your scale mail of Tortured Intercession prevents you from hitting the hornet.
The hornet is lightly wounded.
You feel sick.
The hornet stings you but does no damage.
Your quasit misses the hornet.
Your quasit barely misses the hornet.
Your quasit closely misses the hornet.
Your quasit barely misses the hornet.
Your quasit closely misses the hornet.
Your quasit claws the hornet.
The hornet stings you!
You die...

#######
#...<.#
#.....#
#.....#
#.....#
#.....#
#..@..#
#..y5.#
#.....#
#.....#
#.....#
#.....#
#..)..#
#.....#
#.....#


You could see a hornet and a friendly quasit (summoned).

Vanquished Creatures
  Edmund (D:6)
  A black bear (D:6)
  An ice beast (D:6)
  A phantom (D:6)
  An ogre (D:4)
  A scorpion (D:5)
  4 wights (D:6)
  2 howler monkeys
  A vampire bat (D:4)
  2 hounds
  An orc priest (D:6)
  A jelly (D:5)
  4 worker ants
  8 adders
  A shadow imp (D:6)
  5 white imps
  3 ufetubi
  An ooze (D:4)
  An adder skeleton (D:7)
  A worm (D:3)
  3 dart slugs (D:1)
  2 leopard geckos
  8 orcs
  A ball python (D:3)
  8 bats
  3 bat skeletons (D:4)
  2 bat zombies (D:4)
  5 giant cockroaches
  6 hobgoblins
  3 jackals
  3 quokkas
  7 frilled lizards
  7 goblins
  8 kobolds
  A quokka skeleton (D:6)
  7 rats
115 creatures vanquished.

Notes
Turn   | Place    | Note
-------+----------+-------------------------------------------
     0 | D:1      | MisterFreud the Demonspawn Venom Mage began the quest for
                  | the Orb.
     0 | D:1      | Reached XP level 1. HP: 13/13 MP: 3/3
     6 | D:1      | You fall into a shaft and drop 1 floor!
   189 | D:2      | Found a hazy altar of Hepliaklqana.
   190 | D:2      | Found a shimmering altar of Xom.
   207 | D:2      | Noticed a spectral ugly thing
   274 | D:2      | Found a faded altar of an unknown god.
   399 | D:2      | Gained mutation: You are partially covered in rugged brown
                  | scales. (AC +1, +3% HP) [demonic ancestry]
   399 | D:2      | Reached XP level 2. HP: 10/19 MP: 0/5
  1249 | D:1      | Gained mutation: You have a pair of small horns on your
                  | head. [demonic ancestry]
  1249 | D:1      | Reached XP level 3. HP: 24/24 MP: 4/6
  2376 | D:3      | Found a sparkling altar of Nemelex Xobeh.
  2654 | D:3      | Reached skill level 5 in Poison Magic
  2654 | D:3      | Reached XP level 4. HP: 24/30 MP: 5/7
  3155 | D:3      | Reached skill level 1 in Fighting
  3442 | D:3      | Reached skill level 1 in Long Blades
  3442 | D:3      | Reached XP level 5. HP: 35/39 MP: 4/8
  3524 | D:4      | Noticed an ogre
  3531 | D:4      | Killed an ogre
  3532 | D:4      | Reached skill level 2 in Long Blades
  3960 | D:4      | Found a hide-covered altar of Uskayaw.
  4021 | D:4      | Found a stormy altar of Qazlal.
  4041 | D:4      | Gained mutation: A weak demonic guardian rushes to your
                  | aid. [demonic ancestry]
  4041 | D:4      | Reached XP level 6. HP: 47/48 MP: 7/9
  4247 | D:4      | Found an ancient bone altar of Kikubaaqudgha.
  4265 | D:4      | Reached skill level 3 in Long Blades
  4379 | D:4      | Found a burning altar of Makhleb.
  4407 | D:5      | Entered Level 5 of the Dungeon
  4600 | D:5      | Found an opulent altar of Gozag.
  5484 | D:5      | Gained mutation: You are partially covered in sharp spines.
                  | [demonic ancestry]
  5484 | D:5      | Reached XP level 7. HP: 50/55 MP: 10/10
  5568 | D:5      | Reached skill level 4 in Long Blades
  5585 | D:5      | Found a shimmering altar of Xom.
  5587 | D:5      | Found an opulent altar of Gozag.
  5587 | D:5      | Found an ornate altar of the Wu Jian Council.
  5589 | D:5      | Found a hazy altar of Hepliaklqana.
  5589 | D:5      | Found a bloodstained altar of Trog.
  5589 | D:5      | Found a broken altar of Ashenzari.
  6086 | D:6      | Reached skill level 5 in Long Blades
  6279 | D:6      | Reached skill level 6 in Long Blades
  6285 | D:6      | Got a twisted scale mail
  6445 | D:6      | Identified the +0 scale mail of Tortured Intercession
                  | {*Corrode +Blink rPois} (You found it on level 6 of the
                  | Dungeon)
  6562 | D:6      | Reached XP level 8. HP: 61/61 MP: 11/11
  6595 | D:6      | Noticed Edmund
  6614 | D:6      | Killed Edmund
  6615 | D:6      | Reached skill level 7 in Long Blades
  6724 | D:6      | Found a staircase to the Ecumenical Temple.
  6950 | Temple   | Entered the Ecumenical Temple
  6983 | Temple   | Became a worshipper of Ru the Awakened
  7042 | D:6      | Found a glowing golden altar of the Shining One.
  7179 | D:7      | Noticed a hornet
  7183 | D:7      | Paralysed by a hornet for 3 turns
  7187 | D:7      | Slain by a hornet

Illustrated notes

Levels and vault maps discovered:
D:1:      dpeg_arrival_orchard, layout_loops_ring, minmay_pentomino_t4
D:2:      layout_loops_corners, regret_index_temple_of_mockery,
          chequers_ecumenical_altar_simple
D:3:      layout_basic, general_overflow_altar, serial_park_tiny_2
D:4:      layout_rooms, grunt_qazlal_clouds, kennysheep_vampire_church,
          marbit_many_paths, eat_drink_and_be_merry_uskayaw,
          minmay_misc_feat_rows
D:5:      layout_loops_corners, nicolae_gozag_cash_rules_everything_around_me,
          doesnt_xom_only_xom
D:6:      layout_layer_cave, minmay_temple_entry_nine_rooms, tso_altar,
          uniq_edmund
D:7:      layout_gridville, enter_bailey_6
Temple:   compressed_dpeg_circular_temple

Skill      XL: |  1  2  3  4  5  6  7  8 |
---------------+-------------------------+-----
Poison Magic   | 4 5 |  5.0
Fighting       | 1 3 4 |  4.0
Long Blades    | 1 2 3 6 7 |  7.1
Dodging        | |  1.7
Stealth        | |  1.7
Spellcasting   | |  2.0
Transmutations | |  0.8

Action                   |  1- 3 |  4- 6 |  7- 9 || total
-------------------------+-------+-------+-------++-------
Melee: Dagger            |    20 |       |       ||    20
       Long sword        |    15 |    78 |    71 ||   164
       Headbutt          |     2 |    10 |     7 ||    19
 Cast: Sting             |    65 |    27 |     1 ||    93
  Use: Scroll            |     8 |       |       ||     8
 Stab: Sleeping          |       |     2 |     3 ||     5
       Distracted        |       |     2 |     1 ||     3
Armor: Robe              |    22 |    25 |    11 ||    58
       Scale mail        |       |       |    19 ||    19
Dodge: Dodged            |    39 |    71 |    30 ||   140
       Rpst.: Long sword |     1 |    31 |     7 ||    39
